 Dungeon Crawl Stone Soup version 0.30-a0-782-ge64f9170bb (webtiles) character file.

Game seed: 9916628112932045707

66 mopl the Vexing (level 3, -1/19 HPs)
             Began as a Deep Elf Enchanter on Mar 13, 2023.
             Succumbed to an adder's poison
             ... on level 2 of the Dungeon.
             The game lasted 00:01:46 (1113 turns).

mopl the Vexing (Deep Elf Enchanter)                Turns: 1113, Time: 00:01:46

Health: -1/19      AC:  2    Str:  5    XL:     3   Next: 96%
Magic:  6/10       EV: 12    Int: 21    God:
Gold:   87         SH:  3    Dex: 15    Spells: 1/9 levels left

rFire   . . .      SeeInvis .    a - +1 dagger
rCold   . . .      Faith    .    l - +0 buckler
rNeg    . . .      Spirit   .    b - +0 robe
rPois   .          Reflect  .    (no helmet)
rElec   .          Harm     .    (no cloak)
rCorr   .          Rampage  .    (no gloves)
Will    .....                    (no boots)
Stlth   +++                      (no amulet)
HPRegen 0.23/turn                (no ring)
MPRegen 0.12/turn                (no ring)

@: lethally poisoned (-1 -> -8), confusing by touch, flying
A: no striking features
a: no special abilities


You were on level 2 of the Dungeon.
You visited 1 branch of the dungeon, and saw 2 of its levels.

You collected 87 gold pieces.

Inventory:

Hand Weapons
 a - a +1 dagger (weapon)
Armour
 b - a +0 robe (worn)
 l - a +0 buckler (worn)
Magical Staves
 k - a staff of poison
Scrolls
 d - a scroll of fog {unknown}
 e - a scroll of noise {unknown}
 h - a scroll of magic mapping {unknown}
 j - a scroll of butterflies {unknown}
Potions
 c - 2 potions of invisibility
 f - a potion of berserk rage {unknown}
 g - 2 potions of flight
 i - a potion of resistance {unknown}


   Skills:
 + Level 2.0 Short Blades
 - Level 2.4 Dodging
 + Level 4.3 Stealth
 + Level 0.0 Shields
 + Level 3.9 Spellcasting
 + Level 4.7 Hexes


You had one spell level left.
You knew the following spells:

 Your Spells              Type           Power      Damage    Failure   Level
b - Ensorcelled Hibernat  Hex/Ice        28%        N/A       10%         2
c - Confusing Touch       Hex            24%        N/A       7%          3
d - Tukima's Dance        Hex            24%        N/A       7%          3

Your spell library contained the following spells:

 Spells                   Type           Power      Damage    Failure   Level
 Dazzling Flash           Conj/Hex       28%        N/A       19%         3


Dungeon Overview and Level Annotations

Branches:
Dungeon (2/15)

Altars:


Message History

An adder comes into view.
A rat comes into view.
The adder looks drowsy...
A kobold comes into view. It is wielding a +0 short sword.
The kobold shouts!
The kobold moves out of view.
You barely miss the adder.
The adder hisses angrily.
The adder barely misses you. The adder bites you.
You are poisoned.
The adder poisons you!
You feel sick.
An adder comes into view.
The kobold attacks as you move away! You block the kobold's attack.
The adder attacks as you move away! The adder bites you.
You feel sick.
You feel sick. The adder bites you. The adder attacks as you move away!
The adder bites you but does no damage.
You feel sick.
Casting: Ensorcelled Hibernation (safe; 10% risk of failure)
Confirm with . or Enter, or press ? or * to list all spells.
The spell is extremely dangerous to miscast (7% risk of failure)!
Continue anyway? [Y]es or [N]o only, please.
The spell is extremely dangerous to miscast (7% risk of failure)!
Continue anyway? [Y]es or [N]o only, please.
The spell is extremely dangerous to miscast (7% risk of failure)!
Continue anyway? [Y]es or [N]o only, please.
The spell is extremely dangerous to miscast (7% risk of failure)!
Continue anyway?
Your hands begin to glow red.
The adder hisses angrily.
You feel sick. The adder bites you.
You are lethally poisoned!
The adder poisons you!
You closely miss the adder.
* * * LOW HITPOINT WARNING * * *
You feel sick. The adder bites you.
* * * LOW HITPOINT WARNING * * *
It was a potion of flight.
You feel very buoyant.
You fly up into the air.
You die...

#####.### #.#
........# #.#
........# #.#
........# #.#
........# #.#
........# #.#
........# #.#
........#######.#
#####.SrKS@.....#
#.########### #.
#. #


You could see 2 adders, a kobold and a rat.

Vanquished Creatures
  A gnoll (D:1)
  2 adders (D:2)
  A worm (D:2)
  A dart slug (D:1)
  7 ball pythons
  4 endoplasms
  4 goblins (D:1)
  3 hobgoblins
  3 jackals (D:1)
  A quokka (D:2)
  2 bats (D:1)
  2 rats
31 creatures vanquished.

Notes
Turn   | Place    | Note
-------+----------+-------------------------------------------
     0 | D:1      | mopl the Deep Elf Enchanter began the quest for the Orb.
     0 | D:1      | Reached XP level 1. HP: 10/10 MP: 6/6
    78 | D:1      | Reached XP level 2. HP: 12/15 MP: 8/8
    81 | D:1      | Learned a level 2 spell: Ensorcelled Hibernation
    93 | D:1      | Reached skill level 4 in Stealth
   214 | D:1      | Reached XP level 3. HP: 8/19 MP: 6/10
   223 | D:1      | Learned a level 3 spell: Confusing Touch
   227 | D:1      | Learned a level 3 spell: Tukima's Dance
  1005 | D:2      | Reached skill level 2 in Short Blades
  1113 | D:2      | Succumbed to an adder's poison

Illustrated notes

Levels and vault maps discovered:
D:1:      minmay_arrival_radiant_lines, layout_basic,
          dreamdust_mushroom_princess, minmay_pentomino_t4
D:2:      layout_basic

Skill      XL: |  1  2  3 |
---------------+----------+-----
Stealth        | 4 |  4.3
Short Blades   | 2 |  2.0
Dodging        | |  2.4
Spellcasting   | |  3.9
Hexes          | |  4.7

Action                     || total
---------------------------++-------
  Melee: Dagger            ||    57
   Cast: Ensorcelled Hiber ||    15
         Confusing Touch   ||     1
    Use: Potion            ||     1
   Stab: Sleeping          ||    21
 Armour: Robe              ||    17
  Dodge: Dodged            ||    34
  Block: Buckler           ||     1

Table legend: (Time is in decaauts)
 A = Elapsed time spent in this place.
 B = Non-inter-level travel time spent in this place.
 C = Inter-level travel time spent in this place.
 D = Time resting spent in this place.
 E = Time spent auto-exploring this place.
 F = Levels seen in this place.
 G = Mean time per level.
                   A        B        C        D        E       F      G
               +--------+--------+--------+--------+--------+-----+--------+
         Total |   1108 |   1082 |     26 |     65 |    799 |   2 |  554.0 |
       Dungeon |   1108 |   1082 |     26 |     65 |    799 |   2 |  554.0 |
               +--------+--------+--------+--------+--------+-----+--------+

Top non-repeatable levels by time:
     D:1: 805 daAuts
     D:2: 303 daAuts
